 Dungeon Crawl Stone Soup version 0.28-a0-1374-ga75cb3825e (webtiles) character file.

Game seed: 6701533496578699465

299 bande the Covered (level 6, 0/38 HPs)
             Began as a Gargoyle Fighter on Dec 31, 2021.
             Slain by an ogre (2 damage)
             ... on level 4 of the Dungeon.
             The game lasted 00:05:46 (3145 turns).

bande the Covered (Gargoyle Fighter)                Turns: 3145, Time: 00:05:47

Health: 0/38       AC: 17    Str: 26    XL:     6   Next: 36%
Magic:  6/6        EV:  8    Int:  8    God:
Gold:   163        SH:  4    Dex: 11    Spells: 5/5 levels left

rFire   . . .      SeeInvis .   a - +0 war axe
rCold   . . .      Faith    .   c - +0 buckler
rNeg    + . .      Spirit   .   k - +0 chain mail
rPois   ∞          Reflect  .   l - +2 helmet
rElec   +          Harm     .   (no cloak)
rCorr   .          Rampage  .   (no gloves)
Will    .....                   (no boots)
Stlth   ..........              g - amulet of regeneration
HPRegen 0.92/turn               h - +6 ring of strength
MPRegen 0.10/turn               (no ring)

@: no status effects
A: sickness immunity, AC +4, negative energy resistance 1, electricity
resistance, torment resistance 1, petrification resistance
a: no special abilities


You were on level 4 of the Dungeon.
You visited 1 branch of the dungeon, and saw 4 of its levels.

You collected 163 gold pieces.

Inventory:

Hand Weapons
 a - a +0 war axe (weapon)
 e - a +0 flail
Missiles
 m - 2 throwing nets (quivered)
Armour
 c - a +0 buckler (worn)
 k - a +0 chain mail (worn)
 l - a +2 helmet (worn)
Jewellery
 g - an amulet of regeneration (around neck)
 h - a +6 ring of strength (left hand)
Scrolls
 o - 2 scrolls of blinking
Potions
 b - a potion of flight {unknown}
 d - a potion of might
 f - a potion of mutation {unknown}
 i - a potion of ambrosia {unknown}
 j - 2 potions of cancellation
 n - 2 potions of curing {unknown}
 p - a potion of heal wounds {unknown}


   Skills:
 + Level 4.1 Fighting
 + Level 4.4 Axes
 + Level 4.6 Armour
 + Level 4.0 Shields


You had 5 spell levels left.
You didn't know any spells.
Your spell library was empty.

Dungeon Overview and Level Annotations

Branches:
Dungeon (4/15)
 Temple: D:4-7

Altars:


Innate Abilities, Weirdness & Mutations

You are immune to sickness and miasma.
Your stone body is resilient. (AC +4)
You are immune to poison.
You resist negative energy. (rN+)
You are resistant to electric shocks. (rElec)
You are resistant to unholy torment.
You are immune to petrification.


Message History

You hit the endoplasm.
The endoplasm is almost dead.
The endoplasm freezes you.
You are frozen.
You slash the endoplasm!
You kill the endoplasm!
No target in view!
No target in view!
HP restored.
An ogre comes into view. It is wielding a +0 giant spiked club.
The ogre shouts!
You hear a shout!
An ufetubus comes into view.
There are monsters nearby!
You see here 2 fuming pink potions.
Found an orange potion.
The ufetubus barely misses you. The ufetubus closely misses you.
You closely miss the ufetubus. The ufetubus hits you.
The ufetubus hits you but does no damage.
You slash the ufetubus!
You kill the ufetubus!
You slash the ogre!
The ogre is moderately wounded.
The ogre completely misses you.
You hit the ogre.
The ogre is heavily wounded.
The ogre hits you with a +0 giant spiked club!!
You slash the ogre!
The ogre is severely wounded.
The ogre hits you with a +0 giant spiked club!!
Ouch! That really hurt!
* * * LOW HITPOINT WARNING * * *
You are too injured to fight recklessly!
You are too injured to fight recklessly!
You are too injured to fight recklessly!
You are too injured to fight recklessly!
You are too injured to fight recklessly!
You are too injured to fight recklessly!
It was a potion of cancellation.
You feel magically purged.
The ogre hits you with a +0 giant spiked club.
You die...

+.....#.(.....#
#.....+..<....#
#.....##......#
#.....+.......#
#.....##......#
#..... #......#
#......#
#!.....###
##@.......
#.O.....)
#........
#........
.........
.........
.........
.......!..


You could see an ogre.

Vanquished Creatures
  A phantom (D:3)
  Natasha (twice) (D:2 D:1)
  4 adders
  7 gnolls
  An ufetubus (D:4)
  A worm (D:3)
  A dart slug (D:1)
  8 bats
  7 endoplasms
  3 giant cockroaches
  9 goblins
  2 hobgoblins
  2 jackals (D:2)
  6 kobolds
  A quokka (D:2)
  5 ball pythons
  5 frilled lizards
  8 rats
73 creatures vanquished.

Notes
Turn   | Place    | Note
-------+----------+-------------------------------------------
     0 | D:1      | bande the Gargoyle Fighter began the quest for the Orb.
     0 | D:1      | Reached XP level 1. HP: 14/14 MP: 1/1
   148 | D:1      | Reached XP level 2. HP: 13/19 MP: 2/2
   254 | D:1      | Found a faded altar of an unknown god.
  1195 | D:2      | Reached XP level 3. HP: 23/23 MP: 3/3
  1300 | D:2      | Noticed Natasha
  1447 | D:2      | Killed Natasha
  1448 | D:2      | Reached XP level 4. HP: 28/28 MP: 4/4
  1533 | D:2      | Noticed Natasha
  1574 | D:1      | Killed Natasha
  2014 | D:2      | Reached XP level 5. HP: 28/33 MP: 5/5
  2650 | D:3      | Noticed a phantom
  2667 | D:3      | Killed a phantom
  2668 | D:3      | Reached XP level 6. HP: 32/38 MP: 6/6
  3144 | D:4      | HP: 1/38 [ogre (20)]
  3145 | D:4      | Slain by an ogre

Illustrated notes

Levels and vault maps discovered:
D:1:      pf_arrival_petrified_forest, layout_basic, basic_ecumenical_altar,
          serial_rivers, chequers_serial_rivers_marsh,
          chequers_serial_rivers_large_b, chequers_serial_rivers_marsh,
          chequers_serial_rivers_micro_c, chequers_serial_rivers_marsh
D:2:      layout_rooms, uniq_natasha
D:3:      layout_basic
D:4:      layout_basic, minmay_temple_entry_nine_rooms

Skill      XL: |  1  2  3  4  5  6 |
---------------+-------------------+-----
Axes           | 2 3 4 |  4.4
Armour         | 4 |  4.6
Fighting       | 4 |  4.1
Shields        | 4 |  4.0

Action                   |  1- 3 |  4- 6 || total
-------------------------+-------+-------++-------
Melee: War axe           |   107 |   165 ||   272
  Use: Scroll            |       |     2 ||     2
       Potion            |       |     1 ||     1
Armor: Scale mail        |    56 |     1 ||    57
       Chain mail        |       |   113 ||   113
Dodge: Dodged            |    72 |    81 ||   153
Block: Buckler           |    27 |    41 ||    68

Table legend: (Time is in decaauts)
 A = Elapsed time spent in this place.
 B = Non-inter-level travel time spent in this place.
 C = Inter-level travel time spent in this place.
 D = Time resting spent in this place.
 E = Time spent auto-exploring this place.
 F = Levels seen in this place.
 G = Mean time per level.
                   A        B        C        D        E       F      G
               +--------+--------+--------+--------+--------+-----+--------+
         Total |   3301 |   3217 |     84 |    307 |   1669 |   4 |  825.2 |
       Dungeon |   3301 |   3217 |     84 |    307 |   1669 |   4 |  825.2 |
               +--------+--------+--------+--------+--------+-----+--------+

Top non-repeatable levels by time:
     D:1: 1916 daAuts
     D:2: 804 daAuts
     D:3: 542 daAuts
     D:4: 38 daAuts
